 Dungeon Crawl Stone Soup version 0.26-a0-259-g1effd001a9 (webtiles) character file.

Game seed: 890974302999178815

322415 raph the Fencer (level 21, -2/189 HPs)
             Began as a Minotaur Berserker on July 18, 2020.
             Was a High Priest of Trog.
             Slain by a spark wasp (13 damage)
             ... on level 5 of the Depths.
             The game lasted 02:32:00 (57995 turns).

raph the Fencer (Minotaur Berserker)               Turns: 57995, Time: 02:32:01

Health: -2/189     AC: 33    Str: 25    XL:     21   Next: 0%
Magic:  17/17      EV: 22    Int:  4    God:    Trog [*****.]
Gold:   4210       SH: 21    Dex: 21    Spells: 20/20 levels left

rFire    . . .     SeeInvis +   a - +5 long sword (flame)
rCold    . . .     Faith    .   B - +1 kite shield {rN+}
rNeg     + + .     Spirit   .   w - +4 pearl dragon scales
rPois    .         Reflect  +   (helmet restricted)
rElec    .         Harm     .   f - +0 cloak
rCorr    .                      A - +3 pair of gauntlets of War {Slay+5}
MR       +++..                  P - +0 pair of boots
Stlth    ++++......             t - amulet of reflection
HPRegen  1.41/turn              C - +4 ring of protection
MPRegen  0.15/turn              V - ring of Uwigriul {Dex+4 SInv}

@: regenerating
A: retaliatory headbutt, horns 2, low mp 1
}: 1/15 runes: barnacled
a: Berserk, Trog's Hand, Brothers in Arms, Renounce Religion


You were on level 5 of the Depths.
You worshipped Trog.
Trog was extremely pleased with you.
You were not hungry.

You visited 8 branches of the dungeon, and saw 39 of its levels.

You collected 4627 gold pieces.
You spent 417 gold pieces at shops.

Inventory:

Hand Weapons
 a - a +5 long sword of flaming (weapon)
 b - a +2 fustibalus of freezing
 J - a +0 demon blade of draining
 K - a +3 hunting sling of freezing
 R - a +2 long sword of holy wrath
 Z - a +2 vampiric demon blade
Missiles
 v - 82 poisoned darts (quivered)
 x - 9 throwing nets
 H - 99 sling bullets
Armour
 f - a +0 cloak (worn)
 j - a +2 buckler
 w - +4 pearl dragon scales (worn)
 A - the +3 pair of gauntlets of War (worn) {Slay+5}
   (You acquired it on level 2 of the Spider Nest)

   It affects your accuracy and damage with ranged weapons and melee attacks
   (+5).
 B - a +1 kite shield of positive energy (worn)
 I - a +2 kite shield
 P - a +0 pair of boots (worn)
Jewellery
 n - an uncursed ring of poison resistance
 t - an amulet of reflection (around neck)
 u - an uncursed ring of protection from fire
 z - an uncursed ring of protection from magic
 C - a +4 ring of protection (left hand)
 V - the ring of Uwigriul (right hand) {Dex+4 SInv}
   (You found it on level 4 of the Shoals)

   [ring of see invisible]

   It affects your dexterity (+4).
   It lets you see invisible.
 Y - an uncursed ring of protection from cold
Wands
 g - a wand of digging (17)
 o - a wand of polymorph (14)
 y - a wand of iceblast (3)
 G - a wand of flame (75)
 M - a wand of paralysis (40)
Scrolls
 d - 10 scrolls of remove curse
 i - 4 scrolls of magic mapping
 q - 7 scrolls of fear
 r - 26 scrolls of identify
 E - 6 scrolls of fog
 F - 14 scrolls of teleportation
 N - a scroll of summoning
 W - a scroll of silence
Potions
 e - a potion of resistance
 h - 12 potions of curing
 k - 5 potions of cancellation
 l - 5 potions of might
 m - 2 potions of haste
 s - a potion of invisibility
 D - 8 potions of stabbing
 O - 7 potions of flight
 U - a potion of magic
Miscellaneous
 L - a lightning rod (4/4)
 T - 2 phantom mirrors
Comestibles
 c - 101 rations


   Skills:
 + Level 16.5 Fighting
 + Level 19.7 Long Blades
 - Level 17.1(17.2) Slings
 - Level 3.1(11.1) Throwing
 + Level 16.1 Armour
 + Level 14.9 Dodging
 + Level 12.1 Stealth
 - Level 15.0 Shields
 + Level 10.8 Evocations


You had 20 spell levels left.
You didn't know any spells.
Your spell library was empty.

Dungeon Overview and Level Annotations

Branches:
Dungeon (15/15)            Temple (0/1) D:6            Lair (6/6) D:9
 Shoals (4/4) Lair:4       Spider (4/4) Lair:4          Orc (2/2) D:9
    Elf (2/3) Orc:2        Vaults (0/5) D:14         Depths (5/5) D:15
   Hell (visited)
  Slime: Lair:5-6       Dis: Hell:1         Geh: Hell:1         Coc: Hell:1
    Tar: Hell:1         Zot: Depths:5

Altars:
Cheibriados
Dithmenos
Elyvilon
Hepliaklqana
Kikubaaqudgha
Makhleb
Okawaru
Ru
Sif Muna
Uskayaw
Wu Jian
Xom
Yredelemnul
Lugonu

Shops:
D:5 *   D:10 [   Orc:2 [%}%   Elf:1 (   Elf:2 *   Shoals:1 %   Depths:5 %*

Portals:
Hell: Lair:6 Depths:1 Depths:2 Depths:3 Depths:4
Abyss: Depths:1 Depths:2 Depths:3 Depths:4
Pandemonium: Orc:2 Depths:3 Depths:4 Depths:5
Ziggurat: Depths:1
Trove: Elf:2 (give horn of Geryon)

Annotations:
D:1 1 exclusion
D:9 3 runed translucent doors, orehx's ghost, novice GnWn
Lair:1 3 runed translucent doors, Apogee's ghost, journeyman DEFE
Depths:3 1 transporter, exclusion: obsidian statue
Hell Geryon


Innate Abilities, Weirdness & Mutations

You reflexively headbutt those who attack you in melee.
You have a pair of horns on your head.
Your magical capacity is low. (-10% MP)


Message History

The spark wasp shocks you!
* * * LOW HITPOINT WARNING * * *
You miss the spark wasp.
The spark wasp is moderately wounded.
You block the spark wasp's attack.
Your skin crawls.
You feel resistant to hostile enchantments.
The spark wasp stings you!
* * * LOW HITPOINT WARNING * * *
The spark wasp shocks you!
* * * LOW HITPOINT WARNING * * *
You block the spark wasp's attack.
Okay, then.
You feel better. The spark wasp closely misses you.
You riposte.
You slash the spark wasp! You burn the spark wasp.
The spark wasp is heavily wounded.
The spark wasp stings you.
* * * LOW HITPOINT WARNING * * *
The spark wasp shocks you!
You die...

............#
............+
.......(....#
.........(..#
.......(..# #.......#
#(# #########+## #y#
#[.........# #@#
#..........# #.#
#..........#
#.####..........#
#.#..+..........#
######...##..........#
#...........(........#
#.#+########.........#
#.#.##...))'.........##
#.#.#.######.##'##.....


You could see a spark wasp.

Vanquished Creatures
  A caustic shrike (Depths:2)
  A golden dragon (Depths:4)
  2 liches
  A tentacled monstrosity (Depths:5)
  Asterion (Elf:1)
  A quicksilver dragon (Depths:2)
  Frances (D:13)
  A storm dragon (Depths:5)
  Kirke (D:15)
  Roxanne (Shoals:3)
  Ilsuiw (Shoals:2)
  11 frost giants
  A tengu reaver (Depths:4)
  7 fire giants
  2 emperor scorpions (Spider:1)
  A cacodemon (Depths:5)
  A deep elf sorcerer (Elf:2)
  2 orc warlords (Depths:2)
  19 very ugly things
  9 stone giants
  An entropy weaver (Spider:1)
  A deep elf demonologist (Depths:4)
  A dire elephant (Lair:2)
  A lorocyproca (Depths:3)
  Snorg (Lair:6)
  An ettin (shapeshifter) (D:15)
  7 spark wasps
  7 ettins
  6 fire dragons
  3 merfolk impalers
  A deep elf death mage (Depths:2)
  6 merfolk javelineers
  Harold (D:7)
  4 yaktaur captains
  8 great orbs of eyes
  5 ice dragons
  A hell beast (Depths:4)
  6 rakshasas
  2 spriggan air magi
  4 ogre magi
  3 catoblepae
  A two-headed ogre (shapeshifter) (Depths:3)
  5 hydras
  3 alligator snapping turtles (Shoals:4)
  4 centaur warriors
  5 merfolk aquamancers
  An alligator (Lair:5)
  3 merfolk avatars
  2 death knights
  6 deep troll shamans
  21 dancing weapons
  3 death yaks
  9 tengu warriors
  2 satyrs
  3 deep troll earth magi
  15 two-headed ogres
  2 vampire magi
  4 spriggan berserkers
  8 orc high priests (Orc:2)
  7 deep elf knights
  2 sun demons
  2 soul eaters
  15 hell knights
  8 large abominations (Depths:1)
  A fire crab (Shoals:3)
  3 unseen horrors
  4 iron trolls
  A torturous demonspawn (Orc:2)
  A sixfirhy (Lair:6)
  A flayed ghost (Depths:5)
  2 infernal demonspawn
  2 swamp dragons (Lair:5)
  5 deep trolls
  12 sea snakes
  A lindwurm (Lair:3)
  2 phantasmal warriors
  3 deep elf archers (Elf:2)
  A gelid demonspawn (Depths:3)
  Pikel (D:4)
  2 wizards
  A wolf spider zombie (D:15)
  2 necromancers
  3 glowing orange brains
  8 orc knights
  12 orb spiders
  13 harpies
  37 deep elf magi
  16 wolf spiders
  4 cyclopes
  10 fauns
  7 orc sorcerers
  2 centaur zombies (D:12)
  13 manticores
  A moth of wrath (Spider:3)
  25 elephants
  28 ugly things
  11 merfolk sirens
  Maurice (D:11)
  7 black mambas
  5 water nymphs
  2 smoke demons
  3 orange demons (Lair:6)
  6 cane toads
  A kobold demonologist (D:15)
  A torpor snail (Lair:6)
  Maggie (D:7)
  4 rime drakes (Lair:6)
  A yaktaur (shapeshifter) (Depths:2)
  9 komodo dragons
  18 yaktaurs
  3 freezing wraiths
  7 demonic crawlers
  A komodo dragon (shapeshifter) (Depths:3)
  4 ice devils
  A hellwing (Depths:5)
  A red devil (Lair:6)
  13 jumping spiders
  2 tengu conjurers
  24 merfolk
  8 trolls
  4 hornets
  2 meliai (shapeshifter) (Depths:2)
  A queen bee (shapeshifter) (Depths:2)
  4 wind drakes
  A harpy skeleton (D:15)
  A hornet (shapeshifter) (Depths:1)
  12 dream sheep
  9 snapping turtles
  15 slime creatures
  2 polar bears (Lair:4)
  11 blink frogs
  11 hippogriffs
  2 vampires
  4 shadows
  6 wraiths
  3 ynoxinuls
  A tarantella (shapeshifter) (Depths:3)
  16 tarantellas
  47 yaks
  53 redbacks
  3 spriggans
  Eustachio (D:6)
  17 water elementals
  2 wyverns (D:8)
  5 fire bats
  3 basilisks
  6 hogs
  A human (D:7)
  A golden eye (shapeshifter) (Depths:4)
  3 vampire mosquitoes
  5 chaos spawn
  A neqoxec (Depths:5)
  A basilisk (shapeshifter) (Depths:2)
  Menkaure (D:6)
  A swamp worm (shapeshifter) (D:14)
  A warg (shapeshifter) (D:14)
  3 swamp worms
  2 acid dragons
  3 hell hounds (Lair:6)
  4 small abominations (Depths:1)
  2 soldier ants
  9 water moccasins
  Purgy (D:4)
  3 porcupines
  30 orc warriors
  A sky beast (D:5)
  A black bear (shapeshifter) (Depths:3)
  An eye of draining (D:13)
  3 ice beasts
  2 black bears
  2 necrophages
  21 ogres
  64 wolves
  23 centaurs
  A tengu (shapeshifter) (Depths:1)
  10 crocodiles
  2 big kobolds
  Blork the orc (D:5)
  11 bullfrogs
  2 earth elementals (Elf:2)
  A wyvern zombie (D:15)
  A wyvern skeleton (D:13)
  A troll zombie (D:9)
  3 scorpions
  3 killer bees (D:11)
  8 wights (D:12)
  A howler monkey (D:4)
  5 electric eels
  A crimson imp (Depths:5)
  3 bullfrog zombies
  4 hounds
  An iron imp (Depths:5)
  21 orc priests
  5 jellies
  15 orc wizards
  5 centaur skeletons
  A bullfrog skeleton (D:13)
  2 polar bear simulacra (Lair:3)
  8 worker ants
  4 yak simulacra (Lair:3)
  2 wolf simulacra (Lair:3)
  7 ogre zombies (D:9)
  A howler monkey skeleton (D:6)
  3 gnolls (D:5)
  11 adders
  A shadow imp (Depths:5)
  6 white imps
  7 ufetubi
  An ooze (D:4)
  2 adder skeletons (D:8)
  2 worms
  5 dart slugs
  8 leopard geckos
  67 orcs
  2 ball pythons
  4 giant cockroaches
  5 hobgoblins
  4 jackals
  8 quokkas
  7 bats
  7 frilled lizards
  10 goblins
  3 goblin skeletons (D:9)
  5 goblin zombies (D:9)
  4 hobgoblin zombies (D:9)
  A jackal skeleton (D:4)
  16 kobolds
  A leopard gecko skeleton (D:4)
  2 orc skeletons (D:9)
  11 orc zombies (D:9)
  A quokka skeleton (D:5)
  6 rats
  3 river rat simulacra (Lair:3)
  A plant (Shoals:1)
1400 creatures vanquished.

Vanquished Creatures (collateral kills)
  A lich (Depths:3)
  Polyphemus (Shoals:4)
  An orc warlord (Orc:1)
  2 merfolk javelineers
  A hydra (Lair:5)
  A merfolk avatar (Shoals:2)
  A death yak (Shoals:4)
  A spriggan berserker (Depths:2)
  A fire crab (Shoals:3)
  An unseen horror (shapeshifter) (Depths:2)
  A sea snake (Shoals:2)
  A glowing orange brain (Depths:2)
  A swamp dragon (Lair:5)
  A faun (Shoals:2)
  An orc sorcerer (Orc:1)
  A wolf spider (Spider:1)
  2 yaktaurs (Depths:2)
  A troll (Orc:1)
  2 merfolk (Shoals:3)
  2 snapping turtles (Shoals:2)
  A swamp worm (Lair:5)
  3 orc warriors (Orc:1)
28 creatures vanquished.

Vanquished Creatures (others)
  A lich (Depths:4)
  A fire giant (Depths:2)
  A rakshasa (D:14)
  A deep elf mage (Elf:2)
  A centaur skeleton (D:15)
  A tarantella (Spider:2)
  2 water elementals (Depths:1)
  4 humans (D:15)
  A kobold (D:9)
  A rat (D:1)
  63 fungi
  19 plants
96 creatures vanquished.

Grand Total: 1524 creatures vanquished

Notes
Turn   | Place    | Note
-------+----------+-------------------------------------------
     0 | D:1      | raph the Minotaur Berserker began the quest for the Orb.
     0 | D:1      | Reached XP level 1. HP: 19/19 MP: 0/0
    66 | D:1      | Reached skill level 4 in Long Blades
   114 | D:1      | Reached XP level 2. HP: 25/26 MP: 1/1
  1017 | D:2      | Reached skill level 5 in Long Blades
  1056 | D:2      | Reached XP level 3. HP: 28/31 MP: 2/2
  1154 | D:2      | Reached ** piety under Trog
  1647 | D:2      | Found an ornate altar of the Wu Jian Council.
  1983 | D:3      | Reached skill level 6 in Long Blades
  1983 | D:3      | Reached XP level 4. HP: 39/39 MP: 3/3
  2444 | D:3      | Noticed a bullfrog
  2448 | D:3      | Killed a bullfrog
  2448 | D:3      | Reached skill level 7 in Long Blades
  2448 | D:3      | Reached XP level 5. HP: 45/45 MP: 4/4
  2901 | D:3      | Found a shimmering blue altar of Sif Muna.
  3048 | D:4      | Noticed a lemure
  3048 | D:4      | Noticed a lemure
  3048 | D:4      | Noticed a lemure
  3049 | D:4      | Noticed a lemure
  3050 | D:4      | Noticed Pikel
  3065 | D:4      | Killed Pikel
  3065 | D:4      | Reached skill level 9 in Long Blades
  3065 | D:4      | Reached XP level 6. HP: 51/51 MP: 5/5
  3065 | D:4      | Reached XP level 7. HP: 57/57 MP: 6/6
  3138 | D:4      | Reached *** piety under Trog
  3375 | D:4      | Found a white marble altar of Elyvilon.
  3387 | D:4      | Reached skill level 10 in Long Blades
  3443 | D:4      | Noticed Purgy
  3456 | D:4      | Killed Purgy
  3622 | D:4      | Found a bloodstained altar of Trog.
  3624 | D:4      | Found a shadowy altar of Dithmenos.
  3624 | D:4      | Found an iron altar of Okawaru.
  3626 | D:4      | Found a sacrificial altar of Ru.
  3626 | D:4      | Found a shimmering altar of Xom.
  3626 | D:4      | Found a shimmering altar of Xom.
  3679 | D:4      | Reached XP level 8. HP: 60/64 MP: 7/7
  3759 | D:5      | Entered Level 5 of the Dungeon
  3856 | D:5      | Reached skill level 11 in Long Blades
  3982 | D:5      | Found Ruipp's General Store.
  3985 | D:5      | Bought a scroll of enchant armour for 82 gold pieces
  3985 | D:5      | Bought a wand of iceblast (4) for 88 gold pieces
  4022 | D:5      | Found a snail-covered altar of Cheibriados.
  4044 | D:5      | Found a shadowy altar of Dithmenos.
  4168 | D:5      | Noticed Blork the orc
  4174 | D:5      | Killed Blork the orc
  4530 | D:5      | Found a hide-covered altar of Uskayaw.
  4745 | D:6      | Reached skill level 12 in Long Blades
  5026 | D:6      | Noticed Eustachio
  5043 | D:6      | Killed Eustachio
  5043 | D:6      | Reached skill level 13 in Long Blades
  5055 | D:6      | Reached XP level 9. HP: 70/70 MP: 8/8
  5076 | D:6      | Noticed Menkaure
  5086 | D:6      | Killed Menkaure
  5181 | D:6      | Found a staircase to the Ecumenical Temple.
  5269 | D:6      | Found a burning altar of Makhleb.
  5442 | D:6      | Found a sacrificial altar of Ru.
  5503 | D:6      | Found a basalt altar of Yredelemnul.
  5559 | D:7      | Reached skill level 14 in Long Blades
  5591 | D:7      | Noticed Maggie
  5594 | D:7      | Noticed Harold
  5616 | D:7      | Killed Maggie
  5616 | D:7      | Reached skill level 1 in Evocations
  5626 | D:7      | Killed Harold
  5626 | D:7      | Reached skill level 5 in Fighting
  5819 | D:7      | Reached **** piety under Trog
  5819 | D:7      | Reached skill level 5 in Armour
  5819 | D:7      | Reached XP level 10. HP: 68/83 MP: 9/9
  6193 | D:8      | Reached skill level 5 in Dodging
  6299 | D:8      | Identified the +4 flail of the Puffin {pain, Int+4 SInv}
  6338 | D:8      | Found a basalt altar of Yredelemnul.
  6430 | D:8      | Found a hazy altar of Hepliaklqana.
  6511 | D:8      | Reached skill level 1 in Throwing
  6845 | D:9      | Found an iron altar of Okawaru.
  6849 | D:9      | Noticed a two-headed ogre
  6862 | D:9      | Killed a two-headed ogre
  6883 | D:9      | Found a staircase to the Lair.
  6916 | D:9      | Found a runed translucent gate.
  6916 | D:9      | Found a runed translucent gate.
  6916 | D:9      | Found a runed translucent gate.
  6918 | D:9      | Noticed orehx's ghost (novice GnWn)
  6935 | D:9      | Found a staircase to the Orcish Mines.
  7041 | D:9      | Reached ***** piety under Trog
  7287 | D:9      | Found an ancient bone altar of Kikubaaqudgha.
  7462 | D:9      | Reached XP level 11. HP: 78/93 MP: 10/10
  7616 | Lair:1   | Entered Level 1 of the Lair of Beasts
  7943 | Lair:1   | Reached skill level 5 in Evocations
  7950 | Lair:1   | Reached skill level 1 in Slings
  8753 | Lair:1   | Found a runed translucent gate.
  8753 | Lair:1   | Found a runed translucent gate.
  8753 | Lair:1   | Found a runed translucent gate.
  8758 | Lair:1   | Noticed Apogee's ghost (journeyman DEFE)
  9261 | Lair:2   | Received a gift from Trog
  9717 | Lair:2   | Noticed an eight-headed hydra
  9727 | Lair:2   | Killed a five-headed hydra
  9757 | Lair:2   | Reached XP level 12. HP: 93/105 MP: 11/11
  9921 | Lair:2   | Reached skill level 5 in Slings
  9942 | Lair:2   | Noticed a dire elephant
  9952 | Lair:2   | Killed a dire elephant
 10015 | Lair:2   | Noticed a six-headed hydra
 10030 | Lair:2   | Killed a two-headed hydra
 10173 | Lair:2   | Reached skill level 10 in Fighting
 10966 | Lair:2   | Reached skill level 10 in Armour
 11462 | Lair:3   | Reached XP level 13. HP: 115/115 MP: 12/12
 11873 | Lair:4   | Reached skill level 10 in Dodging
 12048 | Lair:4   | Found a staircase to the Shoals.
 12065 | Lair:4   | Received a gift from Trog
 12072 | Lair:4   | Found a hole to the Spider Nest.
 12396 | Lair:4   | Noticed a fire dragon
 12593 | Lair:4   | Killed a fire dragon
 12723 | Shoals:1 | Entered Level 1 of the Shoals
 13746 | Orc:1    | Entered Level 1 of the Orcish Mines
 13746 | Orc:1    | Noticed an orc warlord
 13769 | Orc:1    | Killed an orc warlord
 14161 | Orc:2    | Entered Level 2 of the Orcish Mines
 14305 | Orc:1    | Found a burning altar of Makhleb.
 14781 | Orc:2    | Noticed a stone giant
 14791 | Orc:2    | Killed a stone giant
 15021 | Orc:2    | Found a staircase to the Elven Halls.
 15169 | Orc:2    | Reached ****** piety under Trog
 15561 | Orc:2    | Found Ypnatam's Food Shop.
 15766 | Orc:2    | Found Hyirphu's Food Boutique.
 15818 | Orc:2    | Received a gift from Trog
 15871 | Orc:2    | Reached XP level 14. HP: 83/126 MP: 13/13
 15918 | Orc:2    | Reached skill level 1 in Stealth
 17581 | Orc:2    | Found Ciumi's Antique Armour Shoppe.
 17581 | Orc:2    | Found Emoreut's Gadget Emporium.
 17581 | Orc:2    | Found a one-way gate leading to the halls of Pandemonium.
 17601 | Orc:2    | Bought a pair of slimy gloves for 247 gold pieces
 17611 | Orc:2    | Identified the cursed -5 pair of gloves "Moful" {rF+ Regen+
                  | Str+2 Stlth-} (You bought it in a shop on level 2 of the
                  | Orcish Mines)
 17899 | D:10     | Entered Level 10 of the Dungeon
 17956 | D:10     | Reached skill level 10 in Slings
 18754 | D:10     | Found Atwucs's Armour Shop.
 19091 | D:11     | Noticed Maurice
 19099 | D:11     | Killed Maurice
 19632 | D:11     | Got a clouded lead ring
 21475 | D:12     | You fall into a shaft and drop 1 floor!
 21817 | D:13     | Received a gift from Trog
 21821 | D:13     | Noticed Frances
 21840 | D:13     | Killed Frances
 22435 | D:13     | Identified the cursed ring "Deowo" {rF+ MP+9 Str-4 Dex+4
                  | Slay-4} (You found it on level 11 of the Dungeon)
 22805 | D:14     | Reached XP level 15. HP: 128/135 MP: 14/14
 22882 | D:14     | Found a gate to the Vaults.
 22923 | D:14     | Reached skill level 15 in Long Blades
 23602 | D:15     | Entered Level 15 of the Dungeon
 23668 | D:15     | Noticed Kirke
 23696 | D:15     | Killed Kirke
 24683 | D:15     | Reached skill level 5 in Stealth
 25182 | D:15     | Got a steaming buckler
 25193 | D:15     | Identified the +0 buckler of Negligence {rElec} (You found
                  | it on level 15 of the Dungeon)
 26005 | D:15     | Found a staircase to the Depths.
 26316 | Lair:6   | Entered Level 6 of the Lair of Beasts
 26354 | Lair:6   | Noticed Snorg
 26432 | Lair:6   | Killed Snorg
 26525 | Lair:6   | Received a gift from Trog
 27850 | Lair:6   | Reached XP level 16. HP: 146/146 MP: 15/15
 28011 | Lair:6   | Found a burning altar of Makhleb.
 28446 | Lair:6   | Found a gateway to Hell.
 28719 | Shoals:1 | Reached skill level 16 in Long Blades
 28987 | Shoals:1 | Found Utuuhous's Food Emporium.
 29256 | Shoals:1 | Received a gift from Trog
 30533 | Shoals:2 | Noticed Ilsuiw
 30918 | Shoals:2 | Killed Ilsuiw
 31938 | Shoals:3 | Received a gift from Trog
 32146 | Shoals:3 | HP: 2/146 [fire crab] (16)]
 32987 | Shoals:3 | Identified Roxanne's Reference Book on Transmigration
 32987 | Shoals:3 | Noticed Roxanne
 33029 | Shoals:3 | Killed Roxanne
 33964 | Shoals:4 | Entered Level 4 of the Shoals
 33976 | Shoals:4 | Noticed Polyphemus
 33996 | Shoals:4 | Killed Polyphemus
 33996 | Shoals:4 | Reached skill level 17 in Long Blades
 33996 | Shoals:4 | Reached XP level 17. HP: 96/152 MP: 16/16
 34692 | Shoals:4 | Identified a scroll of acquirement
 34692 | Shoals:4 | Acquired a manual of Shields
 35437 | Shoals:4 | Reached skill level 15 in Slings
 35484 | Shoals:4 | Received a gift from Trog
 36699 | Shoals:4 | Got a glittering platinum ring
 36701 | Shoals:4 | Identified the ring of Uwigriul {Dex+4 SInv} (You found it
                  | on level 4 of the Shoals)
 37491 | Shoals:4 | Got a barnacled rune of Zot
 37891 | Spider:1 | Entered Level 1 of the Spider Nest
 38418 | Spider:1 | Received a gift from Trog
 39952 | Spider:2 | Acquired the +3 pair of gauntlets of War {Slay+5}
 39953 | Spider:2 | Found the +3 pair of gauntlets of War {Slay+5}
 40472 | Spider:2 | Reached skill level 18 in Long Blades
 41470 | Spider:3 | Reached XP level 18. HP: 160/160 MP: 17/17
 42203 | Spider:4 | Entered Level 4 of the Spider Nest
 42478 | Elf:1    | Entered Level 1 of the Elven Halls
 42490 | Elf:1    | Reached skill level 10 in Stealth
 42782 | Elf:1    | Reached skill level 5 in Shields
 42985 | Elf:1    | Found Wiptad's Weapon Shoppe.
 42985 | Elf:1    | Noticed Asterion
 43009 | Elf:1    | Killed Asterion
 43081 | Elf:1    | You fall into a shaft and drop 1 floor!
 43091 | Elf:2    | Found a portal to a secret trove of treasure.
 43494 | Elf:2    | Received a gift from Trog
 43627 | Elf:2    | Found Xaohoit's Mass Market.
 43637 | Elf:2    | Found a frozen archway.
 43968 | Elf:2    | Found a huge runed translucent gate.
 43968 | Elf:2    | Found a huge runed translucent gate.
 43968 | Elf:2    | Found a huge runed translucent gate.
 43968 | Elf:2    | Found a huge runed translucent gate.
 43968 | Elf:2    | Found a huge runed translucent gate.
 44390 | Elf:2    | Reached skill level 10 in Shields
 45392 | Depths:1 | Entered Level 1 of the Depths
 45554 | D:15     | HP: 12/241 [iron troll (28)]
 45556 | D:15     | HP: 4/241 [iron troll (10)]
 46248 | Depths:1 | Reached skill level 15 in Shields
 46446 | Depths:1 | Received a gift from Trog
 46493 | Depths:1 | Found a one-way gate to the infinite horrors of the Abyss.
 46574 | Depths:1 | Found a gateway to a ziggurat.
 46604 | Depths:1 | Noticed a lich
 46617 | Depths:1 | Killed a lich
 46617 | Depths:1 | Reached XP level 19. HP: 123/168 MP: 10/18
 47260 | Depths:2 | Noticed a caustic shrike
 47392 | Depths:2 | Identified the cursed ring "Toelett" {MR+ Dex+3 Slay-4}
 47421 | Depths:2 | Killed a caustic shrike
 47426 | Depths:2 | Reached skill level 15 in Fighting
 47435 | Depths:2 | Received a gift from Trog
 49243 | Hell     | Entered the Vestibule of Hell
 49243 | Hell     | Noticed Geryon
 49394 | Depths:3 | Found a transporter.
 49394 | Depths:3 | Found a transporter.
 49701 | Depths:3 | Reached skill level 15 in Armour
 49721 | Depths:3 | Reached skill level 19 in Long Blades
 49855 | Depths:3 | Noticed a lich
 49859 | Depths:3 | Paralysed by a lich for 4 turns
 50823 | Depths:2 | Reached XP level 20. HP: 106/179 MP: 19/19
 51439 | Depths:3 | Paralysed by a great orb of eyes for 2 turns
 51466 | Depths:3 | Found a corrupted altar of Lugonu.
 52597 | Depths:4 | Reached skill level 10 in Evocations
 52847 | Depths:4 | Received a gift from Trog
 53015 | Depths:4 | Noticed a golden dragon
 53026 | Depths:4 | Killed a golden dragon
 56266 | Depths:5 | Entered Level 5 of the Depths
 57314 | Depths:5 | Found Uney's General Store.
 57316 | Depths:5 | Found Foag's Food Emporium.
 57380 | Depths:5 | Gained mutation: Your magical capacity is low. (-10% MP) [a
                  | cacodemon]
 57989 | Depths:5 | Reached XP level 21. HP: 64/189 MP: 17/17
 57993 | Depths:5 | HP: 6/189 [spark wasp (15)]
 57995 | Depths:5 | Slain by a spark wasp

Illustrated notes

Levels and vault maps discovered:
D:1:      eino_arrival_water_star, layout_loops_ring,
          chequers_serial_rivers_room_a, chequers_serial_rivers_room_b,
          lemuel_flame_loot_1
D:2:      layout_loops_ring, lemuel_crystal_altar
D:3:      layout_loops_corners, lemuel_coloured_pillars_altar
D:4:      layout_cave_pools, lemuel_round_altar, doesnt_xom_only_xom,
          first_ration, uniq_pikel, uniq_purgy
D:5:      layout_loops_ring, lemuel_crystal_altar, lemuel_round_altar,
          lemuel_round_altar, serial_shops, kennysheep_mini_moat,
          kennysheep_generic_room_10, uniq_blork_the_orc
D:6:      layout_basic, nicolae_ru_the_path_less_chosen,
          overflow_temple_1_default, kennysheep_mini, minmay_temple_entry_grid,
          uniq_eustachio, uniq_menkaure
D:7:      layout_rooms, grunt_livestock, uniq_maggie, uniq_harold
D:8:      layout_basic, nicolae_overflow_hidden_temple, basic_altar,
          minmay_misc_feat_more_columns
D:9:      layout_rooms, okawaru_trees_1, overflow_temple_1_default,
          lair_entry_dummy, zombieorc2_lemuel, ebering_ghost_rock_garden,
          worms_lemuel
D:10:     layout_irregular_city, serial_shops, nicolae_shop_crystal
D:11:     layout_basic, uniq_maurice
D:12:     layout_big_octagon, nicolae_two_hexagons, kennysheep_donut
D:13:     layout_long_grid, uniq_frances
D:14:     layout_loops_ring, david_vaults_2, dk_noncrumbling_3
D:15:     grunt_enter_depths_magical_seal, layout_rooms, drop_trap, uniq_kirke
Lair:1:   layout_layer_cave, gammafunk_ghost_necromancy,
          grunt_forest_large_clearings, lemuel_fruit_tree
Lair:2:   mu_elephants_graveyard, layout_chaotic_city, serial_bayou_pond_d
Lair:3:   layout_loops_ring, nicolae_quartered_pool_medium,
          eino_house_with_fridge, grunt_megastairs_1
Lair:4:   dragon1_lemuel, layout_hall_layers, minmay_shoals_entry_centaurs,
          spider_nest_entry_a, forest_entry_grove, infiniplex_staircase_pool,
          grunt_megastairs_3
Lair:5:   onia_ninara_swampy_vault, layout_concentric_octagons, slime_altar_1,
          serial_bayou_shore_a, minmay_lair_oklob_chamber, uniq_nessos
Lair:6:   evil_forest, layout_gridlike, uniq_snorg
Shoals:1: layout_shoals, serial_shops, shop_fountains
Shoals:2: layout_shoals, uniq_ilsuiw
Shoals:3: layout_shoals, hangedman_shoal_volcano, uniq_roxanne
Shoals:4: shoals_end_grunt_ice, layout_shoals, uniq_polyphemus
Spider:1: layout_spider_delve, hangedman_spider_tarantella_strand
Spider:2: layout_chambers, drop_trap
Spider:3: layout_spider_delve
Spider:4: johnstein_spider_rune_arachne_lair, gammafunk_ghost_tricky_traps
Orc:1:    layout_caves, bloody_makhleb
Orc:2:    pf_orc_diabolical, layout_diamond_mine
Elf:1:    eino_elf_arrival_the_gate, layout_geoelf_grid, serial_shops, shop,
          hangedman_elf_disciples, hangedman_decor_cross_pass, uniq_asterion
Elf:2:    layout_onion_city, portal_ice_cave_entry_pillars_1, enter_trove_1,
          minmay_shop_mass
Depths:1: layout_cave_pools, enter_ziggurat_a, pf_coc_iceberg,
          minmay_room_of_horrors, kennysheep_flooded_box, lemuel_freeze_loot_1
Depths:2: minmay_the_grid_octo_tiled_octocenter_mashed [minmay_the_grid_octo_77,
          minmay_the_grid_octo_clover, minmay_the_grid_octo_thin_diamonds,
          minmay_the_grid_octo_vomiting_pacman,
          minmay_the_grid_octo_prize_square_snowflake,
          minmay_the_grid_square_5x5_meh,
          minmay_the_grid_square_5x5_inverted_slash,
          minmay_the_grid_square_5x5_almost_minimal,
          minmay_the_grid_square_5x5_inner_i], layout_honeycomb, hell_entry,
          minmay_misc_feat_tiny, hangedman_abyss_entry_splay, minmay_orc_keep
Depths:3: gammafunk_sealed_arena, layout_cave_shapes,
          pf_vacation_house_of_asmodeus, abyss_entry_flame_altar,
          rand_demon_pan_entry_5, chequers_jeans
Depths:4: minmay_polygon_palace, layout_cave_pools,
          abyss_entry_small_statue_room, rand_demon_pan_entry_8, hell_entry
Depths:5: grunt_zot_entry_tricorne, layout_gridlike, grunt_pan_entry_spiral,
          hell_entry, minmay_misc_feat_encased, minmay_shoptagon
Hell

Skill      XL: |  1  2  3  4  5  6  7  8  9 10 11 12 13 14 15 16 17 18 19 20 |
---------------+-------------------------------------------------------------+-----
Long Blades    | 4 5 6 7 9 10 13 14 15 17 18 19 | 19.7
Shields        | 4 15 | 15.0
Fighting       | 5 7 9 10 12 13 14 15 16 | 16.5
Armour         | 5 7 8 10 11 12 13 14 15 16 | 16.1
Evocations     | 3 4 6 7 8 9 10 | 10.8
Dodging        | 4 6 8 9 11 12 13 14 | 14.9
Throwing       | 3 |  3.1
Slings         | 4 7 9 10 12 14 16 17 | 17.1
Stealth        | 4 6 8 9 10 11 12 | 12.1

Action                   |  1- 3 |  4- 6 |  7- 9 | 10-12 | 13-15 | 16-18 | 19-21 || total
-------------------------+-------+-------+-------+-------+-------+-------+-------++-------
Melee: Falchion          |    83 |    70 |   230 |       |       |       |       ||   383
       Headbutt          |    12 |    11 |    51 |   161 |   403 |   368 |   386 ||  1392
       Long sword        |       |       |    13 |   555 |  1377 |  1168 |   897 ||  4010
       Demon blade       |       |       |       |    25 |       |       |       ||    25
       Scimitar          |       |       |       |       |    32 |       |       ||    32
 Fire: Hunting sling     |       |       |       |    13 |   169 |   872 |    36 ||  1090
       Fustibalus        |       |       |       |     2 |       |       |   299 ||   301
Throw: Dart              |       |       |       |     6 |    47 |    21 |    11 ||    85
Invok: Berserk           |     1 |     2 |     9 |     8 |    23 |    15 |     6 ||    64
       Trog's Hand       |       |       |     1 |     3 |    11 |    14 |    17 ||    46
       Brothers in Arms  |       |       |       |       |     5 |     9 |     3 ||    17
Evoke: Wand              |       |       |       |       |     9 |     6 |     2 ||    17
       Lightning rod     |       |       |       |       |       |     3 |     1 ||     4
  Use: Scroll            |     8 |     1 |    13 |     7 |    17 |    10 |     3 ||    59
       Potion            |       |       |       |       |     1 |     4 |     7 ||    12
 Stab: Distracted        |       |       |       |       |     1 |     2 |     2 ||     5
       Sleeping          |       |       |       |       |     1 |    11 |     2 ||    14
       Confused          |       |       |       |       |       |     1 |       ||     1
  Eat: Ration            |     1 |     1 |     3 |     5 |    14 |    16 |    10 ||    50
Armor: Animal skin       |    12 |       |       |       |       |       |       ||    12
       Plate armour      |    21 |    40 |     2 |       |       |       |       ||    63
       Pearl dragon scal |       |       |    66 |   193 |   490 |   473 |   238 ||  1460
Dodge: Dodged            |    43 |    18 |    44 |   269 |   636 |   723 |   363 ||  2096
Block: Other             |     1 |    10 |       |       |       |       |       ||    11
       Buckler           |       |    15 |   127 |   329 |   688 |   509 |       ||  1668
       Reflection        |       |       |     7 |     9 |    44 |    57 |    46 ||   163
       Kite shield       |       |       |       |       |       |   293 |   724 ||  1017
       Rpst.: Falchion   |    13 |     2 |     8 |       |       |       |       ||    23
       Long sword        |       |       |       |    64 |   131 |   107 |    57 ||   359
       Demon blade       |       |       |       |     3 |       |       |       ||     3
       Scimitar          |       |       |       |       |     5 |       |       ||     5

Table legend:
 A = Non-vault XP
 B = Vault XP
 C = Vault XP percentage of total XP
 D = Non-vault monster count
 E = Vault monster count
 F = Vault count percentage of total count
                 A         B        C        D         E       F
            +---------+---------+-------+---------+---------+-------
      Total |  386574 |  199464 |  34.0 |    1007 |     425 |  29.7
            +---------+---------+-------+---------+---------+-------
        D:1 |      24 |       0 |   0.0 |      15 |       0 |   0.0
        D:2 |      68 |       0 |   0.0 |      24 |       0 |   0.0
        D:3 |     212 |       0 |   0.0 |      31 |       0 |   0.0
        D:4 |     327 |     808 |  71.2 |      13 |       2 |  13.3
        D:5 |     346 |     101 |  22.6 |      16 |       2 |  11.1
        D:6 |     970 |     371 |  27.7 |      25 |       2 |   7.4
        D:7 |     695 |    2397 |  77.5 |       8 |       7 |  46.7
        D:8 |    1777 |       0 |   0.0 |      24 |       0 |   0.0
        D:9 |    1624 |    1265 |  43.8 |      14 |      38 |  73.1
       D:10 |    6950 |       0 |   0.0 |      31 |       0 |   0.0
       D:11 |    3742 |     457 |  10.9 |      21 |       1 |   4.5
       D:12 |    9186 |       0 |   0.0 |      49 |       0 |   0.0
       D:13 |    3738 |    2424 |  39.3 |      27 |       1 |   3.6
       D:14 |    3851 |     330 |   7.9 |      11 |       2 |  15.4
       D:15 |   34240 |    8124 |  19.2 |      66 |      13 |  16.5
     Lair:1 |    2106 |    3935 |  65.1 |      10 |      34 |  77.3
     Lair:2 |    6007 |    9145 |  60.4 |      23 |      18 |  43.9
     Lair:3 |    5556 |    1608 |  22.4 |      18 |      18 |  50.0
     Lair:4 |    4033 |    4341 |  51.8 |      13 |      19 |  59.4
     Lair:5 |    1984 |    4044 |  67.1 |      13 |      11 |  45.8
     Lair:6 |   11148 |   11645 |  51.1 |      39 |      27 |  40.9
   Shoals:1 |   11746 |       0 |   0.0 |      22 |       0 |   0.0
   Shoals:2 |   13040 |    3585 |  21.6 |      31 |       4 |  11.4
   Shoals:3 |   19863 |    5972 |  23.1 |      45 |      11 |  19.6
   Shoals:4 |   15031 |   22369 |  59.8 |      29 |      32 |  52.5
   Spider:1 |   21636 |     214 |   1.0 |      67 |       1 |   1.5
   Spider:2 |   13100 |       0 |   0.0 |      36 |       0 |   0.0
   Spider:3 |    7363 |       0 |   0.0 |      18 |       0 |   0.0
   Spider:4 |     566 |       0 |   0.0 |       1 |       0 |   0.0
      Orc:1 |    3641 |       0 |   0.0 |      32 |       0 |   0.0
      Orc:2 |    3220 |   16153 |  83.4 |      33 |      54 |  62.1
      Elf:1 |    6549 |    4617 |  41.3 |      10 |       5 |  33.3
      Elf:2 |   14553 |   24075 |  62.3 |      25 |      32 |  56.1
   Depths:1 |   21662 |    4377 |  16.8 |      24 |      15 |  38.5
   Depths:2 |   32766 |   40519 |  55.3 |      36 |      39 |  52.0
   Depths:3 |   36795 |    4826 |  11.6 |      37 |       6 |  14.0
   Depths:4 |   25837 |   18712 |  42.0 |      26 |      17 |  39.5
   Depths:5 |   40622 |    3050 |   7.0 |      44 |      14 |  24.1
            +---------+---------+-------+---------+---------+-------
